 Dungeon Crawl Stone Soup version 0.22-a0-283-g1871b15 (webtiles) character file.

81 vishdafish the Covered (level 4, -6/29 HPs)
             Began as a Gargoyle Fighter on Mar 19, 2018.
             Killed from afar by an orc wizard (11 damage)
             ... with a puff of frost
             ... on level 3 of the Dungeon.
             The game lasted 00:01:45 (1417 turns).

vishdafish the Covered (Gargoyle Fighter)           Turns: 1417, Time: 00:01:46

Health: -6/29      AC: 10    Str: 24    XL:     4   Next: 40%
Magic:  4/4        EV:  8    Int: 10    God:
Gold:   81         SH:  9    Dex:  9    Spells: 3/3 levels left

rFire    . . .     SeeInvis .   a - +0 long sword
rCold    . . .     Gourm    .   c - +0 shield
rNeg     + . .     Faith    .   b - +0 scale mail
rPois    ∞         Spirit   .   (no helmet)
rElec    +         Reflect  .   (no cloak)
rCorr    .         Harm     .   (no gloves)
MR       .....                  (no boots)
Stlth    ..........             (no amulet)
HPRegen  0.09/turn              n - ring of wizardry
MPRegen  0.09/turn              (no ring)

@: mighty
A: negative energy resistance 1, electricity resistance, unbreathing,
petrification resistance, rot immunity, AC +3
a: no special abilities


You were on level 3 of the Dungeon.
You were not hungry.

You visited 1 branch of the dungeon, and saw 3 of its levels.

You collected 81 gold pieces.

Inventory:

Hand Weapons
 a - a +0 long sword (weapon)
Armour
 b - a +0 scale mail (worn)
 c - a +0 shield (worn)
Jewellery
 n - a ring of wizardry (left hand)
Scrolls
 e - 2 scrolls of fear {unknown}
 g - 5 scrolls of identify {unknown}
 i - 2 scrolls of remove curse {unknown}
 k - a scroll of blinking {unknown}
 p - 3 scrolls of amnesia {unknown}
 q - a scroll of enchant armour {unknown}
Potions
 h - a potion of curing {unknown}
 j - a potion of flight {unknown}
 l - a potion of ambrosia {unknown}
 m - a potion of degeneration {unknown}
 o - a potion of berserk rage {unknown}
Comestibles
 f - 5 rations


   Skills:
 + Level 3.6 Fighting
 * Level 2.8 Long Blades
 + Level 3.7 Armour
 + Level 1.0 Dodging
 + Level 3.7 Shields


You had 3 spell levels left.
You didn't know any spells.

Dungeon Overview and Level Annotations

Branches:
Dungeon (3/15)

Altars:


Innate Abilities, Weirdness & Mutations

You are resistant to torment.
Your stone body is resilient. (AC +3)
You are immune to poison.
You resist negative energy. (rN+)
You are resistant to electric shocks. (rElec)
You can survive without breathing.
You are immune to petrification.
You are immune to rotting.


Message History

You feel very mighty all of a sudden. You block the orc priest's attack.
You block the orc's attack. The orc wizard closely misses you.
You riposte.
You hit the orc wizard but do no damage.
The orc wizard is severely wounded.
Your shield and scale mail prevent you from hitting the orc priest.
You block the orc priest's attack.
The orc wizard hits you but does no damage.
The orc hits you but does no damage. The orc barely misses you.
You closely miss the orc priest. The orc priest hits you with a flail.
* * * LOW HITPOINT WARNING * * *
The orc wizard hits you but does no damage.
You block the orc's attack. x2
You closely miss the orc priest. You block the orc wizard's attack.
The orc priest mumbles some strange prayers to Beogh against you.
You barely resist. The orc barely misses you. The orc hits you with a flail.
* * * LOW HITPOINT WARNING * * *
The orc wizard gestures at you while chanting.
The puff of frost hits you!
You die...

#.######.# #....# #.#
#+# #.##.# #.# #.#
#.##.###.# #.#
#........# ##.##
####.########...#####
##.## #.........#
#...#####.#..o###.
#.........##o@o#
#...#####....#o......
##### #.##...##.###
#.##.### # #.##.#
#..... ####.# #.#


You could see an orc priest, an orc wizard and 2 orcs.

Vanquished Creatures
  2 adders
  4 worms (D:2)
  2 dart slugs (D:2)
  3 leopard geckos
  4 giant cockroaches
  5 goblins
  5 hobgoblins
  A quokka (D:2)
  3 bats
  4 frilled lizards
  6 kobolds
  6 rats
45 creatures vanquished.

Notes
Turn   | Place    | Note
-------+----------+-------------------------------------------
     0 | D:1      | vishdafish the Gargoyle Fighter began the quest for the Orb.
     0 | D:1      | Reached XP level 1. HP: 14/14 MP: 1/1
   223 | D:1      | Reached XP level 2. HP: 17/19 MP: 2/2
   618 | D:2      | Reached XP level 3. HP: 21/23 MP: 3/3
   941 | D:2      | Reached XP level 4. HP: 26/28 MP: 4/4
   960 | D:2      | Reached skill level 1 in Dodging
  1417 | D:3      | Killed from afar by an orc wizard

Vault maps used:
D:1:      scummos_arrival_gate
D:2:      first_ration, minmay_unequal
D:3:      gammafunk_steamed_eel, grunt_temple_overflow_growth_and_decay

Skill      XL: |  1  2  3  4 |
---------------+-------------+-----
Long Blades    | 2 |  2.8
Dodging        | 1 |  1.0
Fighting       | |  3.6
Armour         | |  3.7
Shields        | |  3.7

Action                   |  1- 3 |  4- 6 || total
-------------------------+-------+-------++-------
Melee: Long sword        |   127 |    37 ||   164
  Use: Potion            |       |     1 ||     1
  Eat: Chunk             |       |     2 ||     2
Armor: Scale mail        |    58 |    25 ||    83
Dodge: Dodged            |    49 |    11 ||    60
Block: Shield            |    54 |    26 ||    80
       Rpst.: Long sword |    17 |     6 ||    23

Table legend:
 A = Spawn XP
 B = Non-spawn XP
 C = Spawn XP percentage of total XP
 D = Spawn monster count
 E = Non-spawn monster count
 F = Spawn count percentage of total count
 G = Total turns spent on level
                    A         B        C        D         E        F      G
               +---------+---------+-------+---------+---------+-------+---------
         Total |       0 |     116 |   0.0 |       0 |      45 |   0.0 |  1417
               +---------+---------+-------+---------+---------+-------+---------
           D:1 |       0 |      26 |   0.0 |       0 |      16 |   0.0 |   520
           D:2 |       0 |      73 |   0.0 |       0 |      26 |   0.0 |   820
           D:3 |       0 |      17 |   0.0 |       0 |       3 |   0.0 |    77
               +---------+---------+-------+---------+---------+-------+---------
